 Dungeon Crawl Stone Soup version 0.31-a0-851-g7ff8af7976 (webtiles) character file.

Game seed: 12909618005827417658

49 BritishOli the Trooper (level 3, -1/29 HPs)
             Began as a Demonspawn Fighter on Oct 6, 2023.
             Slain by Sigmund
             ... wielding a +5 scythe of freezing
              (11 damage)
             ... on level 2 of the Dungeon.
             The game lasted 00:01:07 (1216 turns).

BritishOli the Trooper (Demonspawn Fighter)         Turns: 1216, Time: 00:01:07

Health: -1/29      AC:  8    Str: 18    XL:     3   Next: 51%
Magic:  3/3        EV:  9    Int:  9    God:
Gold:   55         SH:  4    Dex: 12    Spells: 2/2 levels left

rFire   . . .        a - +0 war axe
rCold   . . .        c - +0 buckler
rNeg    . . .        b - +0 scale mail
rPois   .            (no helmet)
rElec   .            (no cloak)
rCorr   .            (no gloves)
SInv    .            (no boots)
Will    .....        (no amulet) Stlth
                     (no ring)
HPRegen 0.24/turn    (no ring)
MPRegen 0.08/turn

%: no passive effects
@: no status effects
A: yellow scales 1, demonic guardian 1
a: no special abilities


You were on level 2 of the Dungeon.
You visited 1 branch of the dungeon, and saw 2 of its levels.

You collected 55 gold pieces.

Inventory:

Hand Weapons
 a - a +0 war axe (weapon)
Armour
 b - a +0 scale mail (worn)
 c - a +0 buckler (worn)
Scrolls
 e - a scroll of silence {unknown}
 f - a scroll of identify {unknown}
 h - a scroll of noise {unknown}
Potions
 d - a potion of might
 g - a potion of curing {unknown}


   Skills:
 + Level 3.5 Fighting
 + Level 2.3 Axes
 + Level 3.1 Armour
 - Level 3.0 Shields


You had 2 spell levels left.
You didn't know any spells.
Your spell library was empty.

Dungeon Overview and Level Annotations

Branches:
Dungeon (2/15)

Altars:

Shops:
D:2 *(

Annotations:
D:2 Sigmund


Innate Abilities, Weirdness & Mutations

You are partially covered in yellow scales. (AC +2)
A weak demonic guardian rushes to your aid.


Message History

The worm is almost dead.
You barely miss the worm.
The worm is almost dead.
The worm bites you but does no damage.
You hit the worm.
You kill the worm!
No target in view!
No target in view!
No target in view!
No target in view!
No target in view!
No target in view!
A quokka and a kobold come into view.
The kobold shouts!
There are monsters nearby!
You slash the quokka!
You kill the quokka!
The kobold throws a stone.
The stone closely misses you.
A kobold is nearby!
You hit the kobold.
You kill the kobold!
Sigmund the Dreaded comes into view.
He is wielding a +5 scythe of freezing.
Sigmund shouts!
Sigmund hits you from afar with a +5 scythe of freezing!
Sigmund freezes you.
Sigmund is nearby!
A bat comes into view.
Found a scroll labelled IMUGOZ REWUELO.
Sigmund mumbles some strange words.
Sigmund flickers and vanishes!
Deactivating autopickup; reactivate with Ctrl-A.
A bat is nearby!
The bat hits you but does no damage. Something hits you! Something freezes you.
A bat is nearby!
You are too injured to fight recklessly!
You are too injured to fight recklessly!
You are too injured to fight recklessly!
You miss the bat. You closely miss something. The bat closely misses you.
Something hits you!
You die...

.#†##.##.# ......##.###
## ...#####.##.. ?# #..#
#.# .+ #..... #.#####.+
#.##### ###.......# #.##
#.........# ...#
#.#.....{.#
...######.#.#.##@b###
..............##........
...###..#.#.............
........#.##..##.#......
.)........##..##........
..).....####..####......
...###..####..# .....
..............# .....
...##########.#


You could see a bat.

Vanquished Creatures
  A worm (D:2)
  A dart slug (D:1)
  4 ball pythons
  An endoplasm (D:1)
  A goblin (D:1)
  6 hobgoblins (D:1)
  4 jackals (D:1)
  3 quokkas
  3 bats
  5 frilled lizards (D:1)
  7 kobolds
  7 rats
43 creatures vanquished.

Notes
Turn   | Place    | Note
-------+----------+-------------------------------------------
     0 | D:1      | BritishOli the Demonspawn Fighter began the quest for the
                  | Orb.
     0 | D:1      | Reached XP level 1. HP: 18/18 MP: 1/1
    66 | D:1      | Found a faded altar of an unknown god.
   199 | D:1      | Gained mutation: You are partially covered in yellow
                  | scales. (AC +2) [demonic ancestry]
   199 | D:1      | Reached XP level 2. HP: 24/24 MP: 2/2
   350 | D:1      | Gained mutation: A weak demonic guardian rushes to your
                  | aid. [demonic ancestry]
   350 | D:1      | Reached XP level 3. HP: 29/29 MP: 3/3
  1047 | D:2      | Found Uralouwk's General Store.
  1089 | D:2      | Found Binuargh's Antique Weapon Shoppe.
  1212 | D:2      | Noticed Sigmund
  1216 | D:2      | Slain by Sigmund

Illustrated notes

Levels and vault maps discovered:
D:1:      dpeg_arrival_leaves_temple_mockup, layout_loops_ring,
          chequers_ecumenical_altar_simple, amcnicky_mini_corridor_feature,
          lexackson_kobold_supper
D:2:      layout_loops_cross, serial_shops, nicolae_shop_tiny_statue_garden,
          nicolae_shop_statue_plus, nicolae_lakefront_shop, roderic_lattice_a,
          kennysheep_generic_room_3, uniq_crazy_yiuf_cottage, uniq_sigmund

Skill      XL: |  1  2 |
---------------+-------+-----
Axes           | 2 |  2.3
Shields        | 3 |  3.0
Armour         | 3 |  3.1
Fighting       | |  3.5

Action                     || total
---------------------------++-------
  Melee: War axe           ||   114
 Armour: Scale mail        ||    92
  Dodge: Dodged            ||    49
  Block: Buckler           ||    30

Table legend: (Time is in decaauts)
 A = Elapsed time spent in this place.
 B = Non-inter-level travel time spent in this place.
 C = Inter-level travel time spent in this place.
 D = Time resting spent in this place.
 E = Time spent auto-exploring this place.
 F = Levels seen in this place.
 G = Mean time per level.
                   A        B        C        D        E       F      G
               +--------+--------+--------+--------+--------+-----+--------+
         Total |   1264 |   1234 |     30 |      0 |    982 |   2 |  632.0 |
       Dungeon |   1264 |   1234 |     30 |      0 |    982 |   2 |  632.0 |
               +--------+--------+--------+--------+--------+-----+--------+

Top non-repeatable levels by time:
     D:1: 907 daAuts
     D:2: 356 daAuts
